AoeStats
← Kratzbaum

Nomad

507827673Analyzed
2v2 RM · 12d ago on Sep 19, 2026· 44m 57s· 4 players
Game mode
Random Map
Map size
176×176
Population
200
Speed
Normal
Resources
Standard
Victory
Conquest
Starting age
Dark Age
Ending age
Imperial Age
RankedLock teamsTeams togetherTeam positionsShared explorationLock speedFull tech treeHidden civsTurbo modeCheats
Victory
Defeat
🇨🇳 Bulgarians · China
1082
+16
🇦🇷 Italians · Argentina
1081
+15
🇩🇪 Mongols · Germany
1090
-16
🇸🇪 Spanish · Sweden
1062
-15
Kratzbaum
8:56 Loom
12:18 Feudal Age
13:08 Double-Bit Axe
26:07 Castle Age
25:06 Gold Mining
25:32 Bloodlines
28:08 Fletching
39:49 Elite Skirmisher
41:37 Bodkin Arrow
44:02 Ballistics
QuitTouchingMe
4:02 Loom
14:49 Feudal Age
20:12 Castle Age
18:21 Fletching
19:23 Stone Mining
23:56 Bodkin Arrow
26:32 Wheelbarrow
31:52 Scale Barding Armor
37:18 Bloodlines
38:11 Husbandry
43:03 Imperial Age
41:00 Town Watch
43:15 Cavalier
IDIOT DONT PLAY
4:52 Loom
14:55 Feudal Age
15:21 Double-Bit Axe
15:21 Horse Collar
17:44 Gold Mining
17:52 Fishing Lines
20:33 Castle Age
19:05 Scale Mail Armor
21:32 Chain Mail Armor
22:08 Squires
22:09 Gambesons
25:46 Fletching
26:40 Bodkin Arrow
26:36 Elite Skirmisher
29:00 Wheelbarrow
28:43 Bow Saw
30:41 Ballistics
30:29 Padded Archer Armor
39:24 Imperial Age
37:01 Stone Mining
38:12 Forging
39:57 Scale Barding Armor
42:08 Heavy Plow
43:39 Hand Cart
f_buldo
9:19 Loom
13:03 Feudal Age
13:21 Loom
13:37 Double-Bit Axe
26:14 Castle Age
25:33 Fletching
28:58 Bodkin Arrow
32:45 Bloodlines
34:07 Scale Barding Armor
35:07 Bloodlines
36:13 Chain Barding Armor
36:03 Forging
41:30 Imperial Age
39:27 Padded Archer Armor
40:05 Iron Casting
40:08 Stone Mining
40:08 Gold Mining
40:15 Gold Mining
43:55 Plate Barding Armor
43:21 Bracer
44:24 Leather Archer Armor
Connection lost

Rejoining the realm…

Still unreachable

The connection could not be restored.

Session expired

The server has moved on; the page needs a fresh start.